 Dungeon Crawl Stone Soup version 0.31-a0-1001-g770356a28f (webtiles) character file.

Game seed: 9831886508143192263

6872 BinkBink the Fighter (level 10, -4/94 HPs)
             Began as a Minotaur Fighter on Nov 8, 2023.
             Was a Priest of Qazlal.
             Slain by a polar bear simulacrum (14 damage)
             ... on level 9 of the Dungeon.
             The game lasted 00:10:50 (8419 turns).

BinkBink the Fighter (Minotaur Fighter)             Turns: 8419, Time: 00:10:50

Health: -4/94      AC:  8    Str: 25    XL:     10   Next: 78%
Magic:  9/9        EV: 10    Int:  5    God:    Qazlal [***...]
Gold:   207        SH: 13    Dex: 10    Spells: 9/9 levels left

rFire   . . .        d - +2 hand axe (elec)
rCold   . . .        w - +3 warlock's mirror {omnireflect}
rNeg    + . .        b - +0 scale mail
rPois   +            (helmet restricted)
rElec   .            (no cloak)
rCorr   .            (no gloves)
SInv    .            (no boots)
Will    .....        (no amulet) Stlth
                     p - ring of poison resistance
HPRegen 0.35/turn    G - ring of positive energy
MPRegen 0.11/turn

%: reflection
@: no status effects
A: horns 2, retaliatory headbutt
a: Renounce Religion, Upheaval, Elemental Force


You were on level 9 of the Dungeon.
You worshipped Qazlal.
Qazlal was most pleased with you.
You visited 2 branches of the dungeon, and saw 10 of its levels.
You also visited: Ossuary.

You collected 715 gold pieces.
You spent 508 gold pieces at shops.

Inventory:

Hand Weapons
 a - a +0 war axe
 d - a +2 hand axe of electrocution (weapon)
 v - a +2 heavy hand axe
Armour
 b - a +0 scale mail (worn)
 w - the +3 warlock's mirror (worn) {omnireflect}
   (You bought it in a shop on level 3 of the Dungeon)

   Omnireflect: It can block and reflect piercing ranged attacks and magical
   attacks against the wielder's willpower.
Jewellery
 p - a ring of poison resistance (left hand)
 G - a ring of positive energy (right hand)
Wands
 q - a wand of light (6)
 y - a wand of digging (4)
Scrolls
 c - a scroll of identify
 f - a scroll of fog
 h - 3 scrolls of teleportation
 i - a scroll of amnesia
 m - 2 scrolls of summoning
 n - 2 scrolls of revelation
 o - 3 scrolls of vulnerability
 r - 5 scrolls of immolation
 t - a scroll of poison
 z - 3 scrolls of fear
 C - 2 scrolls of enchant armour {unknown}
 D - 2 scrolls of noise {unknown}
Potions
 e - 2 potions of lignification {unknown}
 g - 3 potions of mutation {unknown}
 j - 10 potions of curing
 k - a potion of resistance {unknown}
 l - 4 potions of berserk rage {unknown}
 s - 4 potions of heal wounds {unknown}
 u - 2 potions of haste {unknown}
 x - a potion of attraction {unknown}
 A - a potion of enlightenment {unknown}
 B - 3 potions of degeneration {unknown}
 E - a potion of brilliance {unknown}
 F - a potion of cancellation {unknown}
 H - a potion of might


   Skills:
 + Level 10.6 Fighting
 + Level 10.3 Axes
 + Level 10.6 Armour
 + Level 10.6 Shields


You had 9 spell levels left.
You didn't know any spells.
Your spell library contained the following spells:

 Spells                   Type           Power      Damage    Failure   Level
 Sandblast                Erth           0%         2d4       77%         1
 Passwall                 Tmut/Erth      0%         N/A       88%         2
 Gell's Gravitas          Tloc           0%         N/A       98%         3
 Stone Arrow              Conj/Erth      0%         3d7       98%         3
 Teleport Other           Tloc           0%         N/A       98%         3
 Brom's Barrelling Bould  Conj/Erth      0%         2d3       100%        4
 Dispersal                Tloc           0%         N/A       100%        6


Dungeon Overview and Level Annotations

Branches:
Dungeon (9/15)             Temple (1/1) D:4            Lair (0/5) D:9
Ossuary (visited)
    Orc: D:9-12

Altars:
Ashenzari
Cheibriados
Dithmenos
Elyvilon
Fedhas
Gozag
Hepliaklqana
Kikubaaqudgha
Makhleb
Nemelex Xobeh
Okawaru
Qazlal
Ru
Sif Muna
Trog
Uskayaw
Vehumet
Wu Jian
Xom
Yredelemnul
Zin
The Shining One

Shops:
D:3 [   D:6 [   D:7 (?   D:8 (==   D:9 *


Innate Abilities, Weirdness & Mutations

You have a pair of horns on your head.
You reflexively headbutt those who attack you in melee.


Message History

A nearby plant withers and dies.
You block the river rat simulacrum's attack.
You hit the river rat simulacrum.
Lightning courses through the river rat simulacrum!
The river rat simulacrum vaporises!
Qazlal accepts your kill.
Unknown command.
You block the polar bear simulacrum's attack.
The polar bear simulacrum claws you but does no damage.
You block the polar bear simulacrum's attack.
The yak closely misses you. You furiously retaliate!
You headbutt the yak!
There is an open door here.
You hit the yak. Your headbutt misses the yak.
The yak is heavily wounded.
You hit the polar bear simulacrum. The polar bear simulacrum bites you.
The polar bear simulacrum freezes you!
The polar bear simulacrum claws you but does no damage. x2
The yak gores you.
You are too injured to fight recklessly!
Unknown command.
You are too injured to fight recklessly!
You are too injured to fight recklessly!
Unknown command.
You slash the yak! You headbutt the yak.
The yak is almost dead.
The yak closely misses you. You furiously retaliate!
You headbutt the yak. You hit the yak.
You kill the yak!
Qazlal accepts your kill.
You hit the polar bear simulacrum but do no damage.
Lightning courses through the polar bear simulacrum!
You headbutt the polar bear simulacrum.
The polar bear simulacrum is severely damaged.
The polar bear simulacrum bites you. The polar bear simulacrum freezes you!!
* * * LOW HITPOINT WARNING * * *
The polar bear simulacrum closely misses you.
The polar bear simulacrum claws you.
* * * LOW HITPOINT WARNING * * *
The polar bear simulacrum freezes you!
You die...

####>.##..#.......#
###.....##..........#
##...#...............#
####....................#
.......#..###############
..........###.<.##...#####
...........#.............#
...##....#...............#
...##.#####....○@######..#
.#.##)# ##..P⌠..ZZZ..#..#
.#..#[# ##.......#YZ..#..#
....#.###..#.#####Z...#..#
....#.....##.# ....#.##
......#....#.# ..###.#
.............# ..! #.#
........###..##########.#
......#)###.............#


You could see a yak, 2 river rat simulacra, 2 yak simulacra and a polar bear
simulacrum.

Vanquished Creatures
  2 two-headed ogres (D:9)
  Joseph (D:8)
  2 komodo dragons (D:9)
  Prince Ribbit (D:9)
  Sigmund (D:4)
  3 wyverns
  A yak (D:9)
  3 steam dragons
  2 basilisks (D:9)
  2 orc warriors (D:9)
  An ice beast (D:8)
  2 centaurs
  A wolf (D:9)
  A kobold brigand (D:9)
  4 bullfrogs
  12 scorpions
  9 killer bees
  6 howler monkeys
  5 hounds
  A human zombie (Ossuary)
  4 centaur zombies (Ossuary)
  2 jellies
  8 orc priests
  A gnoll bouda (D:8)
  Jessica (D:3)
  6 orc wizards
  2 scorpion zombies (Ossuary)
  A polar bear simulacrum (D:9)
  3 mummies (Ossuary)
  8 adders
  6 gnolls
  A shadow imp (D:5)
  2 ufetubi (D:7)
  2 dart slugs
  22 orcs
  2 bats
  3 endoplasms
  2 giant cockroaches
  A gnoll zombie (Ossuary)
  6 goblins
  9 hobgoblins
  8 kobolds
  6 quokkas
  4 ball pythons
  11 frilled lizards
  A goblin zombie (Ossuary)
  2 kobold zombies (Ossuary)
  2 orc zombies (Ossuary)
  3 rats
  A river rat simulacrum (D:9)
190 creatures vanquished.

Notes
Turn   | Place    | Note
-------+----------+-------------------------------------------
     0 | D:1      | BinkBink the Minotaur Fighter began the quest for the Orb.
     0 | D:1      | Reached XP level 1. HP: 19/19 MP: 0/0
   250 | D:1      | Reached XP level 2. HP: 26/27 MP: 1/1
  1145 | D:2      | Reached XP level 3. HP: 33/33 MP: 2/2
  1528 | D:2      | Found a faded altar of an unknown god.
  1745 | D:3      | Identified the +5 helmet "Toozxyud" {Int+3}
  1819 | D:3      | Found Befic's Armour Emporium.
  1835 | D:3      | Noticed Jessica
  1840 | D:3      | Killed Jessica
  1841 | D:3      | Reached XP level 4. HP: 41/41 MP: 3/3
  1941 | D:3      | Reached XP level 5. HP: 33/47 MP: 4/4
  2430 | D:4      | Found a staircase to the Ecumenical Temple.
  2485 | Temple   | Entered the Ecumenical Temple
  2617 | Temple   | Became a worshipper of Qazlal Stormbringer
  2672 | D:4      | Noticed Sigmund
  2679 | D:4      | Killed Sigmund
  2680 | D:4      | Reached skill level 5 in Fighting
  2680 | D:4      | Reached skill level 5 in Armour
  2680 | D:4      | Reached skill level 5 in Shields
  2680 | D:4      | Reached XP level 6. HP: 51/56 MP: 5/5
  3208 | D:5      | Entered Level 5 of the Dungeon
  3328 | D:5      | Found a shimmering altar of Xom.
  3435 | D:5      | Noticed a wyvern
  3442 | D:5      | HP: 2/56 [wyvern (11)]
  3445 | D:5      | Killed a wyvern
  3446 | D:5      | Reached skill level 5 in Axes
  3446 | D:5      | Reached XP level 7. HP: 10/62 MP: 6/6
  3971 | D:6      | Found Eptayveo's Antique Armour Boutique.
  4002 | D:6      | Reached * piety under Qazlal
  4089 | D:3      | Bought the +3 warlock's mirror {omnireflect} for 480 gold
                  | pieces
  4089 | D:3      | Found the +3 warlock's mirror {omnireflect}
  4298 | D:6      | Reached XP level 8. HP: 16/71 MP: 7/7
  4984 | D:7      | Found a sand-covered staircase.
  4997 | Ossuary  | Entered an ossuary
  5254 | Ossuary  | Reached ** piety under Qazlal
  5281 | Ossuary  | Reached XP level 9. HP: 78/81 MP: 8/8
  5881 | D:7      | Found a shadowy altar of Dithmenos.
  5881 | D:7      | Found a basalt altar of Yredelemnul.
  5906 | D:7      | Found a sparkling altar of Nemelex Xobeh.
  6071 | D:7      | Found Byoluib's Magic Scroll Shoppe.
  6074 | D:7      | Bought a scroll of identify for 28 gold pieces
  6213 | D:7      | Found Tuarphie's Weapon Boutique.
  6214 | D:7      | Noticed a +0 triple sword
  6215 | D:7      | Noticed a +0 bardiche
  6391 | D:8      | Found Kynid's Jewellery Shoppe.
  6443 | D:8      | Found an opulent altar of Gozag.
  6725 | D:8      | Identified the +0 scale mail "Jexash" {Harm rC+ Str-3
                  | Dex+5}
  6748 | D:8      | Noticed Joseph
  6772 | D:8      | Killed Joseph
  6981 | D:8      | Found Wajerut's Jewellery Boutique.
  7201 | D:8      | Found Yfocs's Antique Weapon Boutique.
  7239 | D:9      | Noticed a two-headed ogre
  7242 | D:9      | Reached XP level 10. HP: 82/91 MP: 9/9
  7270 | D:9      | Noticed Prince Ribbit
  7273 | D:9      | Killed a two-headed ogre
  7280 | D:9      | Noticed a two-headed ogre
  7539 | D:9      | Reached *** piety under Qazlal
  7604 | D:9      | Found Erugio's General Store.
  7633 | D:9      | Killed a two-headed ogre
  7634 | D:9      | Reached skill level 10 in Fighting
  7634 | D:9      | Reached skill level 10 in Armour
  7634 | D:9      | Reached skill level 10 in Shields
  7708 | D:9      | Killed Prince Ribbit
  7992 | D:9      | Reached skill level 10 in Axes
  8146 | D:9      | Found a staircase to the Lair.
  8419 | D:9      | Slain by a polar bear simulacrum

Illustrated notes

Levels and vault maps discovered:
D:1:      roderic_crop_circles_arrival_small, layout_basic
D:2:      layout_loops_ring, shapermc_ecumenical_altar_mp_urbaneastern
D:3:      layout_loops_ring, serial_shops, nicolae_diamond_shop,
          minmay_lizard_king, uniq_jessica
D:4:      layout_basic, temple_pool_b, uniq_sigmund
D:5:      layout_rooms, nicolae_overflow_crystal_walls
D:6:      layout_loops_cross, serial_shops, shop
D:7:      layout_gridville, chequers_temple_overflow_statue_of_worship,
          nicolae_ossuary_entry_monument, serial_shops, nicolae_shop_mannequins,
          nicolae_shop_rolled_up
D:8:      layout_gridville, lemuel_round_altar, serial_shops,
          nicolae_shop_waterfront, nicolae_shop_tiny_statue_garden,
          nicolae_shop_tiny_real_fake_doors, due_unseen_surprise, uniq_joseph
D:9:      layout_rooms, erik_lair_dragon, serial_shops, shop, serial_library,
          serial_library_regret_index_small_wings,
          serial_library_hellmonk_h_bend, serial_library_hellmonk_room_b,
          serial_library_hellmonk_junction, eino_house_with_fridge,
          uniq_prince_ribbit1
Temple:   minmay_crystal_spiral_temple

Skill      XL: |  1  2  3  4  5  6  7  8  9 10 |
---------------+-------------------------------+-----
Shields        | 4 5 6 8 9 10 | 10.6
Fighting       | 4 5 6 7 9 10 | 10.6
Armour         | 4 5 6 8 9 10 | 10.6
Axes           | 3 4 5 6 7 9 10 | 10.3

Action                     |  1- 3 |  4- 6 |  7- 9 | 10-12 || total
---------------------------+-------+-------+-------+-------++-------
  Melee: War axe           |    67 |   109 |    20 |       ||   196
         Headbutt          |     7 |    11 |    42 |    21 ||    81
         Hand axe          |       |       |   238 |    82 ||   320
    Use: Potion            |       |     2 |     2 |       ||     4
         Scroll            |       |       |    10 |     2 ||    12
 Armour: Scale mail        |    52 |    85 |   135 |    38 ||   310
  Dodge: Dodged            |    34 |    47 |    76 |    19 ||   176
  Block: Buckler           |    11 |    25 |   138 |    53 ||   227
         Reflection        |       |       |     7 |     3 ||    10

Table legend: (Time is in decaauts)
 A = Elapsed time spent in this place.
 B = Non-inter-level travel time spent in this place.
 C = Inter-level travel time spent in this place.
 D = Time resting spent in this place.
 E = Time spent auto-exploring this place.
 F = Levels seen in this place.
 G = Mean time per level.
                   A        B        C        D        E       F      G
               +--------+--------+--------+--------+--------+-----+--------+
         Total |   8463 |   7879 |    584 |    512 |   6179 |  11 |  769.4 |
       Dungeon |   7899 |   7477 |    422 |    512 |   5935 |   9 |  877.7 |
        Temple |    166 |      4 |    162 |      0 |      0 |   1 |  166.0 |
       Ossuary |    397 |    397 |      0 |      0 |    244 |   1 |  397.0 |
               +--------+--------+--------+--------+--------+-----+--------+

Top non-repeatable levels by time:
     D:8: 1108 daAuts
     D:7: 1045 daAuts
     D:9: 932 daAuts
     D:1: 917 daAuts
     D:3: 848 daAuts
     D:4: 838 daAuts
     D:6: 789 daAuts
     D:5: 775 daAuts
     D:2: 643 daAuts
 Ossuary: 397 daAuts
  Temple: 166 daAuts
